 Dungeon Crawl Stone Soup version 0.22.1-2-g9c5b331 (webtiles) character file.

89269 Fang the Severer (level 15, -6/156 HPs)
             Began as a Gargoyle Berserker on Dec 3, 2018.
             Was the Champion of Trog.
             Mangled by an ice devil (11 damage)
             ... summoned by an orc high priest
             ... on level 2 of the Orcish Mines on Dec 4, 2018.
             The game lasted 00:36:43 (23873 turns).

Fang the Severer (Gargoyle Berserker)              Turns: 23873, Time: 00:36:44

Health: -6/156     AC:  4    Str: 37    XL:     15   Next: 96%
Magic:  15/15      EV: 14    Int:  7    God:    Trog [******]
Gold:   1867       SH:  0    Dex:  9    Spells: 14/14 levels left

rFire    + . .     SeeInvis +   Q - +2 broad axe (vamp)
rCold    . . .     Gourm    +   (no shield)
rNeg     + . .     Faith    .   v - +4 ring mail of Duylasu {-Tele rPois Str+4}
rPois    ∞         Spirit   .   L - +1 hat {MR+}
rElec    +         Reflect  .   (no cloak)
rCorr    .         Harm     .   (no gloves)
MR       ++...     NoTele   +   (no boots)
Stlth    ..........             E - amulet of the gourmand
HPRegen  0.36/turn              W - ring of Ijeyrph {+Fly rF+ Stlth+}
MPRegen  0.14/turn              N - ring of see invisible

@: berserking, corroded, flying, very quick
A: big wings, rugged brown scales 1, negative energy resistance 1, electricity
resistance, unbreathing, petrification resistance, rot immunity, AC +11
a: Stop Flying, Berserk, Trog's Hand, Brothers in Arms, Renounce Religion


You were on level 2 of the Orcish Mines.
You worshipped Trog.
Trog was exalted by your worship.
You were not hungry.

You visited 4 branches of the dungeon, and saw 24 of its levels.
You also visited: Labyrinth.

You collected 2143 gold pieces.
You spent 276 gold pieces at shops.

Inventory:

Hand Weapons
 o - a +2 battleaxe of electrocution
 y - the +5 executioner's axe "Petu" {venom, rN+}
   (You acquired it on level 11 of the Dungeon)

   It poisons the flesh of those it strikes.
   It protects you from negative energy.
 J - a +2 executioner's axe of chopping
 Q - a +2 vampiric broad axe (weapon)
 X - a +2 antimagic battleaxe
Armour
 s - the +0 chain mail of Fun {rC+}
   (You bought it in a shop on level 11 of the Dungeon)

   It protects you from cold.
 v - the +4 ring mail of Duylasu (worn) {-Tele rPois Str+4}
   (You found it on level 8 of the Dungeon)

   It affects your strength (+4).
   It protects you from poison.
   It prevents most forms of teleportation.
 z - a +4 plate armour
 L - a +1 hat of magic resistance (worn)
Jewellery
 a - an uncursed ring of protection from magic
 b - a +5 ring of strength
 f - a +5 ring of protection
 h - an uncursed ring of positive energy
 i - an uncursed amulet of regeneration
 w - an uncursed ring of resist corrosion
 E - an amulet of the gourmand (around neck)
 G - the amulet "Xeferim" {Faith Dex+2}
   (You found it in a labyrinth)

   [amulet of faith]

   It allows you to gain divine favour quickly.
   It affects your dexterity (+2).
 H - the amulet "Porocwue" {Reflect rF+ SH+2}
   (You found it in a labyrinth)

   [amulet of reflection]

   It shields you and reflects attacks.
   It protects you from fire.
   It affects your SH (+2).
 N - a ring of see invisible (right hand)
 T - the amulet "Qythruhoi" {Faith rElec MR+ SInv}
   (You found it on level 6 of the Lair of Beasts)

   [amulet of faith]

   It allows you to gain divine favour quickly.
   It insulates you from electricity.
   It affects your resistance to hostile enchantments.
   It lets you see invisible.
 W - the ring of Ijeyrph (left hand) {+Fly rF+ Stlth+}
   (You found it on level 15 of the Dungeon)

   [ring of flight]

   It protects you from fire.
   It lets you fly.
   It makes you more stealthy.
Wands
 j - a wand of flame (86)
 x - a wand of paralysis (52)
 F - a wand of digging (17)
 I - a wand of acid (8)
 K - a wand of iceblast (7)
 O - a wand of enslavement (12)
 P - a wand of disintegration (7)
 R - a wand of polymorph (13)
 V - a wand of random effects (15)
Scrolls
 g - 7 scrolls of remove curse
 q - 2 scrolls of fog
 r - 10 scrolls of teleportation
 B - 8 scrolls of identify
 C - 2 scrolls of blinking
 M - a scroll of magic mapping
Potions
 e - 4 potions of curing
 k - 3 potions of lignification
 l - 2 potions of ambrosia
 m - 4 potions of might
 n - 4 potions of agility
 p - 5 potions of haste
 t - 4 potions of magic
 u - 2 potions of invisibility
 D - a potion of berserk rage
 S - a potion of resistance
 U - a potion of brilliance
Comestibles
 c - 38 rations


   Skills:
 + Level 14.6 Fighting
 + Level 18.4 Axes
 + Level 10.8 Armour
 + Level 6.5 Dodging
 + Level 3.6 Stealth


You had 14 spell levels left.
You didn't know any spells.
Your spell library was empty.

Dungeon Overview and Level Annotations

Branches:
Dungeon (15/15)            Temple (1/1) D:6            Lair (6/6) D:11
 Shoals (0/4) Lair:2       Spider (0/4) Lair:3        Slime (0/5) Lair:5
    Orc (2/2) D:11         Vaults (0/5) D:14         Depths (0/5) D:15
    Elf: Orc:2

Altars:
Ashenzari
Dithmenos
Fedhas
Nemelex Xobeh
Okawaru
Uskayaw
Xom
Jiyva

Shops:
D:4 :   D:10 [   D:11 [   D:15 *}*[   Orc:2 ?(

Annotations:
D:12 3 runed doors, exclusion: orange crystal statue
Lair:1 2 transporters, exclusion: 3 oklob plants
Lair:3 3 runed doors, phasv2's ghost, journeyman HaHu


Innate Abilities, Weirdness & Mutations

You are resistant to torment.
Your stone body is resilient. (AC +11)
You are immune to poison.
Your large and strong wings let you fly indefinitely.
You resist negative energy. (rN+)
You are resistant to electric shocks. (rElec)
You can survive without breathing.
You are immune to petrification.
You are immune to rotting.
You are partially covered in rugged brown scales. (AC +1, +3% HP)


Message History

Beogh smites you!
* * * LOW HITPOINT WARNING * * *
The hellwing swoops through the air toward you!
The hellwing hits you but does no damage.
The hellwing barely misses you.
Unknown command.
You feel much better.
The orc high priest calls down the wrath of Beogh upon you.
Beogh smites you!
* * * LOW HITPOINT WARNING * * *
The hellwing closely misses you. The hellwing misses you.
The ice devil closely misses you.
A red film seems to cover your vision as you go berserk!
You feel yourself moving faster!
You feel mighty! The hellwing hits you!
* * * LOW HITPOINT WARNING * * *
The hellwing hits you but does no damage.
The ice devil hits you.
* * * LOW HITPOINT WARNING * * *
The ice devil freezes you!
You die...

...............
..............######
..............#∩...#
..............#....#
..............#....# #
..............#....# .##
..............###)##....
......4@4.4.....)))....8
........o.o...###)##....
..............#....# ...
..............#....# ##
..............#∩...#
..............######
...................
#.....#...).)......
........)....####


You could see an orc high priest, an orange demon, a hellwing, an ice devil and
an orc priest.

Vanquished Creatures
  Gastronok (Lair:3)
  A fire giant (D:15)
  A minotaur (Lab)
  4 vault guards (D:14)
  Harold (D:7)
  4 hydras
  An ice dragon (Lair:6)
  4 centaur warriors
  An ogre mage (D:13)
  4 two-headed ogres
  A tengu warrior (D:15)
  3 orc high priests (Orc:2)
  Urug (Lair:6)
  Nergalle (D:10)
  Sonja (Lair:6)
  A deep elf knight (D:14)
  4 skeletal warriors (D:15)
  2 unseen horrors
  A wizard (D:15)
  A lindwurm (Lair:6)
  Pikel (D:8)
  4 orc knights
  A manticore (Lair:6)
  2 deep elf magi
  12 ugly things
  2 orc sorcerers
  3 cyclopes
  Joseph (D:8)
  18 elephants
  3 black mambas (Lair:5)
  3 gargoyles
  Psyche (D:8)
  10 spiny frogs
  5 torpor snails (Lair:6)
  5 komodo dragons
  2 rime drakes (Lair:6)
  A redback zombie (D:12)
  A tengu conjurer (D:14)
  A minotaur skeleton (Lab)
  7 trolls
  4 tyrant leeches (Lair:6)
  10 polar bears
  8 hornets
  Prince Ribbit (D:7)
  6 hippogriffs
  4 blink frogs
  4 raiju (Lair:6)
  5 slime creatures (D:12)
  A dream sheep (Lair:6)
  Sigmund (D:2)
  A shadow (D:14)
  Eustachio (D:6)
  2 wyverns
  27 yaks
  A wraith (D:15)
  4 basilisks
  4 hungry ghosts
  13 wargs
  Menkaure (D:6)
  3 vampire mosquitoes (D:12)
  14 water moccasins
  2 soldier ants
  11 hell hounds (Lair:6)
  9 porcupines
  2 sky beasts
  15 orc warriors
  4 ice beasts
  2 slaves (D:8)
  6 ogres
  3 phantoms
  13 black bears
  17 wolves
  15 centaurs
  10 crocodiles
  A big kobold (D:14)
  A wyvern zombie (D:13)
  21 bullfrogs
  8 scorpions
  6 killer bees (D:9)
  An electric eel (Lair:2)
  4 howler monkeys
  5 centaur zombies
  7 crimson imps
  25 orc priests
  2 bullfrog zombies
  5 hounds
  6 orc wizards
  A gnoll shaman (D:8)
  8 jellies
  4 centaur skeletons
  Jessica (D:3)
  4 bullfrog skeletons
  5 iguanas
  7 hell rats (Lair:2)
  10 worker ants
  Terence (D:2)
  A hound skeleton (D:9)
  A mummy (D:7)
  2 worker ant zombies
  Robin (D:2)
  4 gnolls (D:8)
  19 adders
  2 shadow imps
  7 oozes
  2 adder skeletons
  2 adder zombies
  3 worms
  A dart slug (D:5)
  5 leopard geckos
  85 orcs
  A ball python (D:7)
  7 giant cockroaches
  7 hobgoblins
  22 jackals
  3 quokkas
  7 bats
  6 frilled lizards
  15 goblins
  A jackal zombie (D:5)
  7 kobolds
  A quokka skeleton (D:5)
  A quokka zombie (D:5)
  6 rats
  8 fungi
  12 plants
717 creatures vanquished.

Vanquished Creatures (collateral kills)
  3 hydras
  The ghost of Saba the Archer, a novice CeHu of Okawaru (D:8)
  The ghost of mindtowaste the Insei, a novice GnCK of Xom (D:8)
  The ghost of wingeater17 the Cleaver, a novice HOFi of Yredelemnul (D:8)
  A deep elf archer (D:14)
  A spiny frog (Lair:2)
  A rime drake (Lair:4)
  2 blink frogs (Lair:2)
  2 yaks (Lair:3)
  A hungry ghost (D:14)
  A porcupine (Lair:3)
  A bullfrog (Lair:4)
16 creatures vanquished.

Vanquished Creatures (others)
  A slave (D:8)
  5 fungi
  28 plants
  3 withered plants (D:8)
37 creatures vanquished.

Grand Total: 770 creatures vanquished

Notes
Turn   | Place    | Note
-------+----------+-------------------------------------------
     0 | D:1      | Fang the Gargoyle Berserker began the quest for the Orb.
     0 | D:1      | Reached XP level 1. HP: 14/14 MP: 1/1
    38 | D:1      | Reached XP level 2. HP: 19/19 MP: 2/2
   192 | D:1      | Reached skill level 3 in Axes
   554 | D:2      | Reached XP level 3. HP: 21/24 MP: 3/3
   563 | D:2      | Noticed Robin
   590 | D:2      | Killed Robin
   607 | D:2      | Found a shimmering altar of Xom.
   613 | D:2      | Reached XP level 4. HP: 28/29 MP: 4/4
   625 | D:2      | Reached ** piety under Trog
   627 | D:2      | Found a faded altar of an unknown god.
   758 | D:2      | Noticed Sigmund
   768 | D:2      | Killed Sigmund
   768 | D:2      | Reached skill level 4 in Axes
   768 | D:2      | Reached XP level 5. HP: 32/34 MP: 5/5
   768 | D:2      | Reached XP level 6. HP: 36/39 MP: 6/6
   988 | D:2      | Noticed Terence
   998 | D:2      | Killed Terence
  2000 | D:3      | Noticed Jessica
  2003 | D:3      | Killed Jessica
  2430 | D:3      | Gained mutation: You are partially covered in rugged brown
                  | scales. (AC +1, +3% HP) [potion of mutation]
  2430 | D:3      | Gained mutation: You are clumsy. (Dex -2) [potion of
                  | mutation]
  2430 | D:3      | Lost mutation: You are clumsy. (Dex -2) [potion of
                  | mutation]
  2598 | D:4      | Reached *** piety under Trog
  2600 | D:4      | Reached skill level 5 in Axes
  2600 | D:4      | Reached XP level 7. HP: 41/45 MP: 7/7
  2738 | D:4      | Found Rep Nuph's Book Shoppe.
  2995 | D:4      | Found an iron altar of Okawaru.
  3279 | D:5      | Entered Level 5 of the Dungeon
  3290 | D:5      | Reached skill level 5 in Fighting
  3290 | D:5      | Reached skill level 6 in Axes
  3622 | D:5      | Reached XP level 8. HP: 50/50 MP: 8/8
  3745 | D:5      | Reached skill level 5 in Armour
  3779 | D:5      | Reached **** piety under Trog
  3843 | D:5      | Reached skill level 7 in Axes
  4203 | D:6      | Found a staircase to the Ecumenical Temple.
  4238 | Temple   | Entered the Ecumenical Temple
  4681 | D:6      | Noticed Eustachio
  4709 | D:6      | Killed Eustachio
  4709 | D:6      | Reached skill level 8 in Axes
  4709 | D:6      | Reached XP level 9. HP: 47/56 MP: 9/9
  4819 | D:6      | Found a sparkling altar of Nemelex Xobeh.
  5081 | D:6      | Noticed Menkaure
  5087 | D:6      | Killed Menkaure
  5371 | D:7      | Noticed Harold
  5389 | D:7      | Killed Harold
  5389 | D:7      | Reached skill level 9 in Axes
  5422 | D:7      | Found a sand-covered staircase.
  5424 | D:7      | You fall through a shaft for 3 floors!
  5424 | D:10     | Entered Level 10 of the Dungeon
  5552 | D:10     | Reached skill level 10 in Axes
  5555 | D:10     | Reached ***** piety under Trog
  5559 | D:10     | Reached XP level 10. HP: 56/64 MP: 10/10
  5730 | D:10     | Noticed a two-headed ogre
  5742 | D:10     | Killed a two-headed ogre
  5809 | D:10     | Found Loerch's Antique Armour Boutique.
  5810 | D:10     | Noticed Nergalle
  5830 | D:10     | Killed Nergalle
  5830 | D:10     | Reached skill level 11 in Axes
  6671 | D:10     | Killed an unseen horror
  6671 | D:10     | Reached XP level 11. HP: 12/71 MP: 11/11
  7726 | D:9      | Found a shattered altar of Ashenzari.
  7819 | D:9      | Reached skill level 12 in Axes
  7947 | D:9      | Received a gift from Trog
  8356 | D:8      | Found a runed gate.
  8356 | D:8      | Found a runed gate.
  8356 | D:8      | Found a runed gate.
  8357 | D:8      | Noticed wingeater17's ghost (novice HOFi)
  8358 | D:8      | Noticed mindtowaste's ghost (novice GnCK)
  8359 | D:8      | Noticed Saba's ghost (novice CeHu)
  8363 | D:8      | Noticed Pikel
  8380 | D:8      | Killed Pikel
  8496 | D:8      | Noticed Psyche
  8500 | D:8      | Killed Psyche
  8662 | D:8      | Noticed Joseph
  8668 | D:8      | Killed Joseph
  8668 | D:8      | Reached skill level 1 in Stealth
  8884 | D:8      | Found a blossoming altar of Fedhas.
  8884 | D:8      | Found a hide-covered altar of Uskayaw.
  9180 | D:8      | Killed wingeater17's ghost
  9182 | D:8      | Killed Saba's ghost
  9186 | D:8      | Killed mindtowaste's ghost
  9211 | D:8      | Got a warped ring mail
  9222 | D:8      | Identified the +4 ring mail of Duylasu {-Tele rPois Str+4}
                  | (You found it on level 8 of the Dungeon)
  9673 | D:7      | Noticed Prince Ribbit
  9679 | D:7      | Killed Prince Ribbit
 10032 | D:11     | Found a staircase to the Orcish Mines.
 10077 | D:11     | Found Wydwobbe's Armour Boutique.
 10092 | D:11     | Bought the cursed +0 chain mail of Fun {rC+} for 186 gold
                  | pieces
 10183 | D:11     | Noticed a white ugly thing
 10193 | D:11     | HP: 1/73 [white ugly thing (32)]
 10199 | D:11     | Killed a white ugly thing
 10199 | D:11     | Reached skill level 13 in Axes
 10473 | D:11     | Found a staircase to the Lair.
 10695 | D:11     | Noticed a cyclops
 10704 | D:11     | Killed a cyclops
 10789 | D:11     | Identified a scroll of acquirement
 10792 | D:11     | Got a brightly glowing executioner's axe
 10793 | D:11     | Identified the +5 executioner's axe "Petu" {venom, rN+}
                  | (You acquired it on level 11 of the Dungeon)
 10805 | D:11     | Reached XP level 12. HP: 71/79 MP: 12/12
 10829 | D:11     | Reached skill level 10 in Fighting
 11086 | Lair:1   | Entered Level 1 of the Lair of Beasts
 11489 | Lair:1   | Found a transporter.
 11747 | Lair:1   | Found a transporter.
 12062 | Lair:2   | Found a labyrinth entrance.
 12091 | Lab      | Entered a labyrinth
 12438 | Lab      | Noticed a minotaur
 12450 | Lab      | Killed a minotaur
 12450 | Lab      | Reached skill level 14 in Axes
 12503 | Lab      | Got a wavering brass amulet
 12503 | Lab      | Got a bound ruby amulet
 12548 | Lair:2   | Noticed an eight-headed hydra
 12563 | Lair:2   | Killed an eight-headed hydra
 12602 | Lair:2   | Noticed a seven-headed hydra
 12618 | Lair:2   | Killed a 14-headed hydra
 13139 | Lair:2   | Found a staircase to the Shoals.
 13471 | Lair:3   | Found a runed gate.
 13607 | Lair:3   | Reached XP level 13. HP: 48/86 MP: 13/13
 13686 | Lair:3   | Found a runed gate.
 13686 | Lair:3   | Found a runed gate.
 13689 | Lair:3   | Noticed phasv2's ghost (journeyman HaHu)
 13761 | Lair:3   | Noticed Gastronok
 13771 | Lair:3   | Killed Gastronok
 13771 | Lair:3   | Reached skill level 15 in Axes
 14069 | Lair:3   | Found a hole to the Spider Nest.
 14657 | Lair:4   | Identified the amulet "Xeferim" {Faith Dex+2} (You found it
                  | in a labyrinth)
 14659 | Lair:4   | Identified the amulet "Porocwue" {Reflect rF+ SH+2} (You
                  | found it in a labyrinth)
 16011 | Lair:5   | Found a staircase to the Slime Pits.
 16011 | Lair:5   | Found a viscous altar of Jiyva.
 16387 | Lair:6   | Entered Level 6 of the Lair of Beasts
 16406 | Lair:6   | Reached skill level 16 in Axes
 16865 | Lair:6   | Noticed Urug
 16878 | Lair:6   | Killed Urug
 16878 | Lair:6   | Gained mutation: Your large and strong wings let you fly
                  | indefinitely. [Gargoyle growth]
 16878 | Lair:6   | Reached XP level 14. HP: 81/94 MP: 14/14
 16889 | Lair:6   | Noticed Sonja
 16914 | Lair:6   | Killed Sonja
 17325 | Lair:6   | Reached skill level 10 in Armour
 17636 | Lair:6   | Reached skill level 5 in Dodging
 17721 | Lair:6   | Reached skill level 17 in Axes
 18036 | Lair:6   | Received a gift from Trog
 18267 | Lair:6   | Got a smoking garnet amulet
 18506 | Lair:6   | Found a runed door.
 19351 | D:12     | Identified the amulet "Qythruhoi" {Faith rElec MR+ SInv}
                  | (You found it on level 6 of the Lair of Beasts)
 19887 | D:12     | Found a runed door.
 19895 | D:12     | Found a runed door.
 19909 | D:12     | Found a runed door.
 19919 | D:12     | Found a runed door.
 20392 | D:13     | Reached XP level 15. HP: 98/100 MP: 15/15
 20913 | D:13     | Found a blossoming altar of Fedhas.
 21185 | D:14     | Reached skill level 18 in Axes
 21430 | D:14     | HP: 4/103 [deep elf archer/arrow (5)]
 21800 | D:14     | Found a gate to the Vaults.
 22058 | D:15     | Entered Level 15 of the Dungeon
 22112 | D:15     | Found a staircase to the Depths.
 22112 | D:15     | Noticed a fire giant
 22123 | D:15     | Killed a fire giant
 22284 | D:15     | Found Weabloh's Antique Armour Emporium.
 22298 | D:15     | Found Dunkiar's Assorted Antiques.
 22306 | D:15     | Bought a potion of curing for 90 gold pieces
 22349 | D:15     | Got a clouded granite ring
 22351 | D:15     | Identified the ring of Ijeyrph {+Fly rF+ Stlth+} (You found
                  | it on level 15 of the Dungeon)
 22365 | D:15     | Reached ****** piety under Trog
 22721 | D:15     | Found a shadowy altar of Dithmenos.
 22819 | D:15     | Found Urocoupt's Gadget Shop.
 23105 | D:15     | Found Renkest's General Store.
 23385 | Orc:1    | Entered Level 1 of the Orcish Mines
 23477 | Orc:2    | Entered Level 2 of the Orcish Mines
 23546 | Orc:2    | Received a gift from Trog
 23840 | Orc:2    | Found Uptiuw's Antique Weapon Shoppe.
 23840 | Orc:2    | Found Sifriog's Magic Scroll Shop.
 23871 | Orc:2    | HP: 1/104 [orc high priest/divine providence (14)]
 23873 | Orc:2    | Mangled by an ice devil

Skill      XL: |  1  2  3  4  5  6  7  8  9 10 11 12 13 14 15 |
---------------+----------------------------------------------+-----
Axes           | 3 4 5 6 8 10 11 13 14 16 17 18 | 18.4
Fighting       | 4 5 7 8 9 11 12 13 14 | 14.6
Dodging        | 2 3 4 5 6 |  6.5
Armour         | 3 4 6 7 9 10 | 10.8
Stealth        | 1 2 3 |  3.6

Action                   |  1- 3 |  4- 6 |  7- 9 | 10-12 | 13-15 || total
-------------------------+-------+-------+-------+-------+-------++-------
Melee: Hand axe          |    83 |    47 |       |       |       ||   130
       Battleaxe         |       |   277 |   290 |   417 |       ||   984
       Executioner's axe |       |       |       |   196 |   347 ||   543
       Broad axe         |       |       |       |       |   711 ||   711
Invok: Berserk           |     1 |     2 |     6 |     9 |    10 ||    28
       Brothers in Arms  |       |       |       |     4 |     4 ||     8
 Abil: Fly               |       |       |       |       |     1 ||     1
  Use: Scroll            |       |     8 |    12 |     8 |    12 ||    40
       Potion            |       |     1 |     2 |     5 |     6 ||    14
 Stab: Sleeping          |       |       |       |       |     3 ||     3
  Eat: Chunk             |       |     8 |    17 |    30 |    80 ||   135
       Ration            |       |       |       |     3 |     1 ||     4
Armor: Animal skin       |     2 |       |       |       |       ||     2
       Chain mail        |    63 |   286 |   125 |       |       ||   474
       Plate armour      |       |       |   148 |   289 |       ||   437
       Ring mail         |       |       |       |   238 |   636 ||   874
Dodge: Dodged            |    49 |   250 |   160 |   331 |   678 ||  1468
Block: Other             |       |       |       |       |     8 ||     8
